 Dungeon Crawl Stone Soup version 0.31-a0-187-gba352fbbf7 (webtiles) character file.

Game seed: 12742513332584133743

39 qw the Shooter (level 3, -1/20 HPs)
             Began as a Deep Elf Hunter on June 22, 2023.
             Killed from afar by Jessica (7 damage)
             ... with a puff of flame
             ... on level 2 of the Dungeon.
             The game lasted 00:00:18 (638 turns).

qw the Shooter (Deep Elf Hunter)                     Turns: 638, Time: 00:00:19

Health: -1/20      AC:  3    Str: 10    XL:     3   Next: 26%
Magic:  5/5        EV: 12    Int: 13    God:
Gold:   50         SH:  0    Dex: 18    Spells: 2/2 levels left

rFire   . . .        a - +0 shortbow
rCold   . . .        (shield currently unavailable)
rNeg    . . .        c - +0 leather armour
rPois   .            (no helmet)
rElec   .            (no cloak)
rCorr   .            (no gloves)
SInv    .            (no boots)
Will    .....        (no amulet)
Stlth   ++           (no ring)
HPRegen 0.23/turn    (no ring)
MPRegen 0.09/turn

%: no passive effects
@: no status effects
A: no striking features
a: no special abilities


You were on level 2 of the Dungeon.
You visited 1 branch of the dungeon, and saw 2 of its levels.

You collected 50 gold pieces.


   Skills:
 - Level 1.5 Fighting
 + Level 6.8 Ranged Weapons
 - Level 2.4 Dodging
 - Level 1.2 Stealth


You had 2 spell levels left.
You didn't know any spells.
Your spell library was empty.

Inventory:

Hand Weapons
 a - a +0 shortbow (weapon)
Armour
 c - a +0 leather armour (worn)
Scrolls
 b - a scroll of blinking {unknown}

Dungeon Overview and Level Annotations

Branches:
Dungeon (2/15)

Altars:

Annotations:
D:2 Jessica


Message History

You kill the quokka!
You start resting.
HP restored.
You see here a quokka corpse.
Found a stone staircase leading up.
Jessica the Apprentice Sorceress comes into view.
She is wielding a +0 club and carrying a wand of flame (18).
You shoot an arrow.
The arrow hits Jessica but does no damage.
Jessica shouts!
You shoot an arrow. The arrow hits Jessica.
Jessica is moderately wounded.
Jessica zaps a wand.
The puff of flame misses you.
You shoot an arrow. The arrow closely misses Jessica.
You shoot an arrow. The arrow hits Jessica.
Jessica is almost dead.
Jessica gestures wildly while chanting.
Jessica blinks!
Found 10 gold pieces.
Jessica casts a spell.
Jessica blinks!
A worm comes into view.
Enter note:
Enter note: You shoot an arrow.
The arrow completely misses the worm.
You shoot an arrow. The arrow hits the worm.
The worm is moderately wounded.
You shoot an arrow. The arrow hits the worm.
The worm is moderately wounded.
You shoot an arrow. The arrow hits the worm.
The worm is heavily wounded.
You shoot an arrow. The arrow hits the worm.
The worm is severely wounded.
Jessica points at you and mumbles some strange words.
Pain shoots through your body!
Ouch! That really hurt!
You shoot an arrow. The arrow hits the worm!
You kill the worm!
You shoot an arrow. The arrow completely misses Jessica.
Jessica zaps a wand.
The puff of flame hits you!
You die...

## .# #. .. .# ......
##. # # # .# .#.#.#.#
#...#.#..
.##.#..#.#.#####.#.#...#
....#..........#.#....##
.####..........#.......#
.##......<........#.....
......%.........@..@....
##.##.).........##..$..#
#..##.......<..## ....#
..###..........# ##..
.## ####......##### .
.##### #...........
.....###...#######.
...........#
.......#.###


You could see Jessica.

Vanquished Creatures
  An adder (D:1)
  A worm (D:2)
  A dart slug (D:1)
  3 ball pythons (D:1)
  A bat (D:1)
  3 endoplasms (D:1)
  2 hobgoblins (D:1)
  3 quokkas
  4 frilled lizards
  4 kobolds (D:1)
  4 rats (D:1)
27 creatures vanquished.

Notes
Turn   | Place    | Note
-------+----------+-------------------------------------------
     0 | D:1      | qw the Deep Elf Hunter began the quest for the Orb.
     0 | D:1      | Reached XP level 1. HP: 12/12 MP: 3/3
     0 | D:1      | 0 ||| qw: Version: 0.3-a-9-g12657ce
     0 | D:1      | 0 ||| qw: Game counter: 2394
     0 | D:1      | 0 ||| qw: Always use a shield: true
     0 | D:1      | 0 ||| qw: God list: Okawaru
     0 | D:1      | 0 ||| qw: Allow faded altars: false
     0 | D:1      | 0 ||| qw: Do Orc after D:15 true
     0 | D:1      | 0 ||| qw: Do second Lair branch before Depths: true
     0 | D:1      | 0 ||| qw: Lair rune preference: random
     0 | D:1      | 0 ||| qw: Plans: Normal
     0 | D:1      | 0 ||| PLANNING D:1-11
    35 | D:1      | Found a faded altar of an unknown god.
    92 | D:1      | Reached skill level 6 in Ranged Weapons
    92 | D:1      | Reached XP level 2. HP: 16/16 MP: 4/4
   433 | D:1      | 433 ||| DRINKING 2 smoky brown potions.
   434 | D:1      | 434 ||| DROPPING scroll of butterflies.
   435 | D:1      | 435 ||| DROPPING potion of invisibility.
   459 | D:2      | 459 ||| STAIRDANCE
   513 | D:2      | 513 ||| STAIRDANCE
   520 | D:1      | Reached XP level 3. HP: 13/20 MP: 5/5
   625 | D:2      | Noticed Jessica
   638 | D:2      | Killed from afar by Jessica

Levels and vault maps discovered:
D:1:      co_arrival_square_in_a_square_in_a_square, layout_rooms,
          dreamdust_ecumenical_altar_grove, chequers_garden,
          nicolae_concentric_dashed_squares_mild
D:2:      layout_rooms, minmay_shallow_snake_nest, uniq_jessica

Skill      XL: |  1 |
---------------+----+-----
Ranged Weapons | 6 |  6.8
Fighting       | |  1.5
Dodging        | |  2.4
Stealth        | |  1.2

Action                     || total
---------------------------++-------
   Fire: Shortbow          ||    70
    Use: Potion            ||     1
 Armour: Leather armour    ||     4
  Dodge: Dodged            ||    11

Table legend:
 A = Non-vault XP
 B = Vault XP
 C = Vault XP percentage of total XP
 D = Non-vault monster count
 E = Vault monster count
 F = Vault count percentage of total count
                 A         B        C        D         E       F
            +---------+---------+-------+---------+---------+-------
      Total |      56 |       0 |   0.0 |      27 |       0 |   0.0
            +---------+---------+-------+---------+---------+-------
        D:1 |      46 |       0 |   0.0 |      23 |       0 |   0.0
        D:2 |      10 |       0 |   0.0 |       4 |       0 |   0.0
            +---------+---------+-------+---------+---------+-------
